Map: Vale dos Cactos ER (Void)

Players

LiGADO - Winner!

  • Race: Zerg Zerg
  • League: Platinum
  • Spawn Location: 5:00

efelinto

  • Race: Terran Terran
  • League: Diamond
  • Spawn Location: 11:00

VOD

Have the link to the VOD?

Description

Time

  • Played on: April 27, 2017, 9:12 p.m.
  • Length: 7:46
Show
View Real Time Build Order
Export as new Build Order

LiGADO Zerg - Winner!

Build Orders: Hatch First 

Get SALT Encoding   

  12  0:02  Drone  
  13  0:08  Drone  
  14  0:18  Overlord  
  14  0:37  Drone x3  
  17  0:58  Hatchery  
  17  0:59  Drone  
  17  1:04  Drone  
  18  1:16  Extractor  
  17  1:21  Spawning Pool, Drone  
  17  1:25  Drone  
  18  1:34  Drone  
  19  1:49  Extractor  
  19  1:53  Drone  
  19  1:55  Drone  
  21  2:01  Extractor  
  21  2:05  Overlord  
  21  2:08  Queen  
  22  2:10  Queen  
  22  2:14  Zergling x2  
  25  2:16  Zergling x2  
  25  2:18  Extractor  
  25  2:20  Extractor  
  25  2:31  Metabolic Boost  
  25  2:36  Extractor  
  25  2:38  Zergling x4  
  25  2:40  Drone x2  
  29  2:49  Drone  
  29  2:50  Drone  
  31  2:58  Extractor  
  31  3:00  Zergling x2  
  31  3:04  Lair  
  31  3:05  Drone x2  
  34  3:07  Drone  
  35  3:13  Extractor  
  35  3:18  Zergling x2  
  35  3:19  Overlord  
  36  3:32  Extractor  
  36  3:36  Overlord  
  36  3:39  Drone x2  
  36  3:40  Zergling x6  
  41  3:49  Extractor  
  40  3:58  Overlord  
  40  3:59  Drone  
  40  4:00  Drone  
  42  4:07  Hydralisk Den  
  41  4:11  Overseer  
  41  4:16  Drone x4  
  45  4:18  Zergling x6  
  48  4:24  Overseer, Spine Crawler  
  47  4:35  Lurker Den  
  47  4:37  Hydralisk  
  49  4:40  Overlord  
  49  4:47  Drone  
  49  4:48  Drone x2  
  49  4:50  Extractor  
  51  5:12  Drone x3  
  51  5:13  Drone x3  
  57  5:19  Hydralisk x4  
  57  5:21  Hydralisk  
  67  5:44  Extractor  
  67  5:45  Spore Crawler  
  67  5:47  Drone x2  
  67  5:48  Drone, Spore Crawler  
  67  6:02  Overlord  
  67  6:03  Overlord  
  66  6:12  Muscular Augments  
  66  6:14  Overlord  
  66  6:16  Drone  
  67  6:20  Drone  
  67  6:23  Drone x3  
  67  6:24  Drone, Overlord  
  67  6:25  Zergling x2  
  73  6:28  Overseer  
  73  6:34  Overlord x2  
  73  6:42  Lurker x2  
  73  6:44  Lurker  
  76  6:52  Spine Crawler  
  76  6:54  Hydralisk x5, Spore Crawler  
  75  6:56  Zergling x8  
Show
View Real Time Build Order
Export as new Build Order

efelinto Terran 

Build Orders:  

Get SALT Encoding   

  12  0:00  SCV  
  13  0:13  SCV  
  14  0:21  Supply Depot  
  14  0:26  SCV  
  15  0:43  SCV  
  16  0:50  Barracks  
  16  0:57  Barracks  
  16  0:58  SCV  
  16  1:01  Refinery  
  17  1:10  SCV  
  18  1:23  SCV  
  19  1:32  Supply Depot  
  19  1:35  SCV  
  20  1:47  Reaper, SCV  
  21  1:59  SCV  
  22  2:11  SCV  
  23  2:18  Barracks  
  23  2:23  SCV  
  24  2:35  SCV  
  25  2:38  Factory  
  25  2:46  Command Center  
  25  2:47  SCV  
  26  2:54  Marine  
  27  3:07  Marine  
  27  3:12  Marine  
  29  3:25  Marine  
  30  3:30  Marine  
  30  3:41  Command Center  
  30  3:47  Supply Depot  
  30  3:49  Supply Depot  
  30  3:50  Supply Depot  
  30  4:02  Refinery  
  30  4:08  Orbital Command  
  31  4:37  Factory Tech Lab  
  29  4:40  Starport  
  29  4:43  SCV  
  30  4:54  Engineering Bay  
  30  5:01  Liberator  
  33  5:44  Liberator  
  36  6:12  Widow Mine  
  38  6:19  Armory  
  38  6:22  Orbital Command  
  38  6:24  SCV  
  39  6:36  SCV  
  40  6:40  Widow Mine  
  42  6:48  SCV  
  43  6:55  SCV  
  43  7:00  SCV  
  45  7:06  Factory  
  45  7:07  Marine  
  46  7:11  Barracks Reactor  
  46  7:13  SCV  
  45  7:25  Marine  
Tags
 
Add a new tag
Caveats
  • Supply blocks, unpowered buildings, or Contaminate may cause inaccurate times.
  • Supply counts are checked every 10 seconds.